 Dungeon Crawl Stone Soup version 0.20.1-1-g8b1a95d (webtiles) character file.

6193 poirepourri the Cleaver (level 10, -1/86 HPs)
             Began as a Minotaur Fighter on Nov 26, 2017.
             Was a Believer of Makhleb.
             Slain by an orc warrior
             ... wielding a +0 glaive
              (5 damage)
             ... on level 10 of the Dungeon.
             The game lasted 00:12:37 (9607 turns).

poirepourri the Cleaver (Minotaur Fighter)          Turns: 9607, Time: 00:12:38

Health: -1/86      AC: 13    Str: 21    XL:     10   Next: 60%
Magic:  9/9        EV: 10    Int:  5    God:    Makhleb [**....]
Gold:   496        SH: 11    Dex: 13    Spells: 9/9 levels left

rFire    . . .     SeeInvis +   a - +0 war axe
rCold    . . .     Gourm    .   c - +1 shield
rNeg     . . .     Faith    .   b - +0 scale mail
rPois    +         Spirit   .   (helmet restricted)
rElec    .         Reflect  .   o - +1 cloak
rCorr    .         Harm     .   g - +1 pair of gloves
MR       .....                  j - +1 pair of boots
Stlth    ..........             (no amulet)
Regen    0.3/turn               i - ring of see invisible
MPRegen  0.2/turn               y - ring of poison resistance

@: about to teleport, drained
A: retaliatory headbutt, horns 2
a: Minor Destruction, Renounce Religion


You were on level 10 of the Dungeon.
You worshipped Makhleb.
Makhleb was pleased with you.
You were full.

You visited 2 branches of the dungeon, and saw 11 of its levels.

You collected 496 gold pieces.

Inventory:

Hand Weapons
 a - a +0 war axe (weapon)
 q - a +2 flail of holy wrath
Missiles
 d - 28 bolts
 e - 5 throwing nets
 p - 12 tomahawks (quivered)
Armour
 b - a +0 scale mail (worn)
 c - a +1 shield (worn)
 g - a +1 pair of gloves (worn)
 j - a +1 pair of boots (worn)
 l - a +1 plate armour of poison resistance
 o - a +1 cloak (worn)
Jewellery
 h - a +4 ring of intelligence
 i - a ring of see invisible (left hand)
 n - an uncursed ring of positive energy
 y - a ring of poison resistance (right hand)
Wands
 t - a wand of lightning (4/15)
 u - a wand of iceblast (10/15)
 w - a wand of flame (29/48)
Scrolls
 k - 3 scrolls of remove curse
 s - 2 scrolls of teleportation
Potions
 m - 4 potions of cancellation
 v - a potion of flight
 z - a potion of mutation
Books
 A - a book of Conjurations

   Spells                             Type                      Level
   a - Magic Dart                     Conjuration                  1
   b - Searing Ray                    Conjuration                  2
   c - Dazzling Spray                 Conjuration/Hexes            3
   d - Fulminant Prism                Conjuration/Hexes            4
   e - Force Lance                    Conjuration/Translocation    4
   f - Iskenderun's Mystic Blast      Conjuration                  4
Comestibles
 f - a bread ration
 r - 2 meat rations


   Skills:
 - Level 7.2(6.0) Fighting
 + Level 14.6(13.1) Axes
 - Level 5.2(4.1) Armour
 - Level 6.0(4.8) Dodging
 - Level 7.3(6.1) Shields


You had 9 spell levels left.
You didn't know any spells.

Dungeon Overview and Level Annotations

Branches:
Dungeon (10/15)            Temple (1/1) D:7            Lair (0/6) D:9
    Orc: D:9-12

Altars:
Ashenzari
Dithmenos
Elyvilon
Fedhas
Gozag
Hepliaklqana
Kikubaaqudgha
Makhleb
Nemelex Xobeh
Okawaru
Qazlal
Ru
Sif Muna
Trog
Uskayaw
Vehumet
Xom
Yredelemnul
Zin
The Shining One

Annotations:
D:2 2 transporters
D:10 Josephine


Innate Abilities, Weirdness & Mutations

You reflexively headbutt those who attack you in melee.
You have a pair of horns on your head.


Message History

The iguana hisses menacingly.
The orc warrior hits you with a glaive!!
* * * LOW HITPOINT WARNING * * *
Your shield prevents you from hitting the iguana.
You headbutt the iguana!
The iguana is heavily wounded.
You hit the orc warrior but do no damage.
The iguana barely misses you. You furiously retaliate!
You headbutt the iguana!
You kill the iguana!
Makhleb accepts your kill. The orc warrior hits you with a glaive!
* * * LOW HITPOINT WARNING * * *
Things that are here:
a club; a leather armour You hit the orc warrior but do no damage.
You block the orc warrior's attack.
Okay, then.
As you read the scroll of teleportation, it crumbles to dust.
You feel strangely unstable. The orc warrior hits you with a glaive.
You die...

.....# #######
.....# .......
#.....# .....# #
...... #.....#
.....# #. .....
#.....# .....#
#..#...# ## #.....#
#..#...# ... #.....#
#......# ...##....[#
#......#...........#
#.. #o@#...........#
#.. #))#....##.....#
#...#[.#....##.....#
#...#)(#..^........#
#......#....##.....#
#.....(+ .$ #.....#
+......# . #.....#
#.####.# #.....# #.
#.# #.....#


You could see an orc warrior.

Vanquished Creatures
  Harold (D:10)
  A two-headed ogre (D:9)
  An unseen horror (D:10)
  A troll (D:9)
  2 hippogriffs (D:7)
  A wraith (D:10)
  2 hell hounds (D:9)
  2 orc warriors
  5 phantoms
  A sky beast (D:9)
  3 ogres
  A centaur (D:7)
  3 big kobolds
  4 bullfrogs
  2 scorpions (D:9)
  2 water moccasin skeletons
  A jelly (D:6)
  3 killer bees (D:10)
  4 crimson imps
  2 howler monkeys
  3 hounds
  A centaur skeleton (D:5)
  A gnoll shaman (D:6)
  9 orc priests
  Crazy Yiuf (D:7)
  10 orc wizards
  A bullfrog skeleton (D:7)
  6 iguanas
  2 worker ants
  2 hound zombies
  A hound skeleton (D:6)
  A worker ant zombie (D:6)
  8 gnolls
  7 adders
  2 shadow imps
  2 adder skeletons
  4 worms
  4 dart slugs
  7 leopard geckos
  46 orcs
  3 giant cockroaches
  7 goblins
  8 hobgoblins
  12 jackals
  3 quokkas
  6 bats
  4 frilled lizards
  20 kobolds
  10 rats
  A spectral orc (D:5)
234 creatures vanquished.

Notes
Turn   | Place    | Note
-------+----------+-------------------------------------------
     0 | D:1      | poirepourri the Minotaur Fighter began the quest for the Orb.
     0 | D:1      | Reached XP level 1. HP: 19/19 MP: 0/0
   131 | D:1      | Reached skill level 3 in Axes
   285 | D:1      | Reached XP level 2. HP: 26/26 MP: 1/1
   539 | D:1      | Reached skill level 4 in Axes
   725 | D:2      | Found a transporter.
   734 | D:2      | Found a transporter.
   734 | D:2      | Found a shattered altar of Ashenzari.
   735 | D:2      | Noticed a centaur
   760 | D:2      | Reached XP level 3. HP: 31/31 MP: 2/2
  1068 | D:2      | Found a blossoming altar of Fedhas.
  1226 | D:2      | Reached skill level 5 in Axes
  1336 | D:3      | Reached XP level 4. HP: 36/39 MP: 3/3
  1561 | D:3      | Found an ancient bone altar of Kikubaaqudgha.
  1730 | D:3      | Reached skill level 6 in Axes
  1996 | D:4      | Reached XP level 5. HP: 33/46 MP: 4/4
  2523 | D:4      | Reached skill level 5 in Fighting
  2833 | D:5      | Entered Level 5 of the Dungeon
  3119 | D:5      | Found a basalt altar of Yredelemnul.
  3194 | D:5      | Reached XP level 6. HP: 57/57 MP: 5/5
  3775 | D:6      | Reached XP level 7. HP: 39/66 MP: 6/6
  3784 | D:6      | Reached skill level 5 in Shields
  4398 | D:6      | Found a radiant altar of Vehumet.
  5714 | D:6      | Found a burning altar of Makhleb.
  5738 | D:6      | Became a worshipper of Makhleb the Destroyer
  6014 | D:7      | Reached skill level 1 in Dodging
  6039 | D:7      | Reached XP level 8. HP: 67/73 MP: 7/7
  6115 | D:7      | Reached skill level 5 in Dodging
  6229 | D:7      | Noticed a hippogriff
  6236 | D:7      | Killed a hippogriff
  6236 | D:7      | Reached skill level 5 in Armour
  6411 | D:7      | Found a runed door.
  6496 | D:7      | Noticed a hippogriff
  6499 | D:7      | Reached skill level 7 in Axes
  6507 | D:7      | Killed a hippogriff
  6510 | D:7      | Reached * piety under Makhleb
  6510 | D:7      | Reached skill level 8 in Axes
  6510 | D:7      | Reached XP level 9. HP: 30/79 MP: 8/8
  6796 | D:7      | Found a staircase to the Ecumenical Temple.
  6814 | Temple   | Entered the Ecumenical Temple
  7118 | D:7      | Noticed Crazy Yiuf
  7121 | D:7      | Killed Crazy Yiuf
  7213 | D:8      | You fall through a shaft!
  7257 | D:9      | Reached skill level 9 in Axes
  7325 | D:9      | Found a staircase to the Lair.
  7496 | D:9      | Reached skill level 10 in Axes
  7756 | D:9      | Noticed a two-headed ogre
  7768 | D:9      | Killed a two-headed ogre
  7768 | D:9      | Reached skill level 11 in Axes
  7992 | D:9      | Reached skill level 12 in Axes
  8097 | D:9      | Reached ** piety under Makhleb
  8141 | D:9      | Found a deep blue altar of Sif Muna.
  8149 | D:9      | Noticed a troll
  8158 | D:9      | Killed a troll
  8158 | D:9      | Reached XP level 10. HP: 79/86 MP: 9/9
  8525 | D:10     | Entered Level 10 of the Dungeon
  8525 | D:10     | Noticed an unseen horror
  8554 | D:10     | Killed an unseen horror
  8554 | D:10     | Reached skill level 13 in Axes
  8599 | D:10     | Noticed Harold
  8617 | D:10     | Killed Harold
  8617 | D:10     | Reached skill level 14 in Axes
  8981 | D:10     | Noticed Josephine
  9605 | D:10     | HP: 3/86 [orc warrior/glaive (14)]
  9607 | D:10     | Slain by an orc warrior

Skill      XL: |  1  2  3  4  5  6  7  8  9 10 |
---------------+-------------------------------+-----
Axes           | 3 4 5 6 8 12 14 | 14.6
Fighting       | 4 5 7 |  7.2
Shields        | 4 7 |  7.3
Dodging        | 2 6 |  6.0
Armour         | 5 |  5.2

Action                   |  1- 3 |  4- 6 |  7- 9 | 10-12 || total
-------------------------+-------+-------+-------+-------++-------
Melee: War axe           |    86 |   165 |   298 |   113 ||   662
       Headbutt          |    20 |    26 |    68 |    28 ||   142
Evoke: Wand              |       |       |     3 |       ||     3
  Use: Scroll            |     6 |     4 |    10 |     6 ||    26
       Potion            |       |     1 |     4 |     1 ||     6
  Eat: Bread ration      |     2 |       |     2 |       ||     4
       Fruit             |       |       |     5 |       ||     5
       Meat ration       |       |       |     1 |     1 ||     2
       Chunk             |       |       |     1 |       ||     1
       Royal jelly       |       |       |     1 |       ||     1
Armor: Scale mail        |    55 |    76 |   115 |    45 ||   291
Dodge: Dodged            |    24 |    54 |   128 |    50 ||   256
Block: Shield            |    68 |    74 |   187 |    64 ||   393
